Cogmind - Beta 15 @@@ ROGUE MODE // 2025.06.08 @ 17:40:05 Player: Andru7428 Result: Destroyed by Y-54 Guardian with Gatling Laser Performance ------------- Evolutions (0) 0 Regions Visited (3) 600 Robots Destroyed (29) 145 Value Destroyed (837) 837 Prototype IDs (13) 260 Alien Tech Used (0) 0 Bonus (0) 0 TOTAL SCORE: 1842 Bonus ------- None Cogmind --------- Core Integrity 0/250 Matter 300/300 Energy 250/250 System Corruption 0% Temperature Cool (18) Movement Treading (240) Ox1 Location -7/Recycling Parts ------- > --- POWER (1) -------- Ion Engine > --- PROPULSION (2) --- Light Treads > --- UTILITY (2) ------ Improved Heat Sink Large Storage Unit > --- WEAPON (2) ------- Barrage Gun Battle Cannon > --- INVENTORY (15) --- Cargo Legs Scrap Shield Scrap Shield Riot Gun Subdweller Beam Cannon Battle Cannon Grenade Launcher Grenade Launcher Dirty Datajack (20) Flamer Flamer Hammer Peak State ------------ > --- POWER ------------ Ion Engine > --- PROPULSION ------- Light Treads Spiked Treads > --- UTILITY ---------- Improved Heat Sink Large Storage Unit > --- WEAPON ----------- Barrage Gun Battle Cannon > --- INVENTORY -------- Cargo Legs Sensor Array Scrap Shield Riot Gun Subdweller Beam Cannon Battle Cannon Grenade Launcher Grenade Launcher Dirty Datajack Flamer Flamer Hammer [Rating: 17] Favorites ----------- Power Light Nuclear Core Engine Ion Engine Power Core Light Nuclear Core Propulsion Light Treads Treads Light Treads Wheel Wheel Utility Large Storage Unit Device Seismic Detector Storage Large Storage Unit Protection Light Armor Plating Weapon Battle Cannon Energy Gun Small Laser Ballistic Gun Light Assault Rifle Ballistic Cannon Battle Cannon Launcher Subdweller Shrapnel Launcher Impact Weapon Hammer Build | -11 -10 -10 -7 ------- Run | Yrd Mat Sub Rec Slots Evolved . | . . . . Power . | . . . . Propulsion . | . . . . Utility . | . . . . Weapon . | . . . . Parts Attached 27 | 7 4 16 . Power 3 | 1 1 1 . Engine 2 | 1 . 1 . Core 1 | . 1 . . Reactor . | . . . . Propulsion 8 | 2 2 4 . Treads 7 | 2 1 4 . Leg . | . . . . Wheel 1 | . 1 . . Hover . | . . . . Flight . | . . . . Utility 5 | 2 1 2 . Device 2 | 1 . 1 . Storage 2 | 1 1 . . Processor . | . . . . Hackware . | . . . . Protection 1 | . . 1 . Artifact . | . . . . Weapon 11 | 2 . 9 . Energy Gun 1 | 1 . . . Energy Cannon . | . . . . Ballistic Gun 5 | 1 . 4 . Ballistic Cannon 2 | . . 2 . Launcher 2 | . . 2 . Special Weapon . | . . . . Impact Weapon 1 | . . 1 . Slashing Weapon . | . . . . Piercing Weapon . | . . . . Special Melee Weapon . | . . . . Unidentified Prototypes . | . . . . Parts Lost 8 | . 1 7 . Power 1 | . . 1 . Propulsion 5 | . 1 4 . Utility 2 | . . 2 . Weapon . | . . . . Highest Loss Streak 2 | . 1 2 . To Critical Strikes . | . . . . Average Backups 12 | 5 10 13 12 Power . | . 1 . . Propulsion 2 | 4 2 1 1 Utility 2 | . 2 2 2 Weapon 6 | . 3 7 8 Tool/Special . | . . . . Unused Backups 18 | . 5 4 9 Power . | . . . . Propulsion 5 | . 4 . 1 Utility 4 | . . 2 2 Weapon 8 | . 1 2 5 Tool/Special 1 | . . . 1 Average Slot Usage (%) 95 | . 99 93 85 Engine 3 | . 3 4 14 Core 9 | . 10 9 . Treads 27 | . 27 27 14 Device 9 | . 14 7 14 Storage 14 | . 14 14 14 Energy Gun 4 | . 14 . . Ballistic Gun 11 | . 14 10 14 Ballistic Cannon 6 | . . 8 14 Impact Weapon 5 | . . 8 . Peak Build Rating 17 | 7 10 17 15 Average Rating 11 | 4 9 13 15 On Entrance 8 | . 7 10 15 Naked Turns . | . . . . Heaviest Build 36 | 13 28 36 32 Greatest Support 40 | 40 40 40 20 Greatest Overweight (x) 4 | 4 1 1 1 Average Overweight (x) . | 1 . . 1 Largest Inventory Capacity 15 | 8 15 15 15 Average Capacity 13 | 7 11 15 15 Most Carried 15 | 8 15 15 15 Average Carried 13 | 6 10 14 15 Final Capacity 15 | 8 15 15 15 Final Carried 15 | 6 15 15 15 Class Distribution -------------------- 100% | Mutant Dominant Class ---------------- Mutant | -10/Materials Mutant | -10/Subcaves Mutant | -7/Recycling Resources | -11 -10 -10 -7 ----------- Run | Yrd Mat Sub Rec Matter Collected 1216 | 253 141 822 . Remotely . | . . . . Salvage Created 1004 | 38 372 594 . Parts 62 | 4 22 36 . Haulers Intercepted 2 | . 2 . . Recyclers Shooed 3 | . 3 . . Parts Field Recycled . | . . . . Retrieved Matter . | . . . . Parts Self-Destructed 21 | . . 21 . Prevented . | . . . . Kills | -11 -10 -10 -7 ------- Run | Yrd Mat Sub Rec Combat Hostiles Destroyed 22 | . 6 16 . Melee 1 | . . 1 . Guns 12 | . 6 6 . Cannons 4 | . . 4 . AOE 5 | . . 5 . Classes Destroyed 9 | 1 5 3 . Tunneler 2 | 2 . . . Hauler 2 | . 2 . . Recycler 1 | . 1 . . Turret 1 | . . 1 . Watcher 1 | . 1 . . Swarmer 4 | . 2 2 . Grunt 4 | . 4 . . Sentry 1 | . . 1 . Subdweller 13 | . . 13 . Best Kill Streak 3 | 2 2 3 . Combat Bots Only 2 | . 2 2 . Max Kills in Single Turn 2 | 1 1 2 . Gunslinging . | . . . . Exploded 2 | . . 2 . Melee 1 | . . 1 . Uniques/NPCs Destroyed . | . . . . Combat | -11 -10 -10 -7 -------- Run | Yrd Mat Sub Rec Hostile Shots Fired 175 | . 52 120 3 Missed 50 | . 15 35 . Hits 125 | . 37 85 3 Projectile 125 | . 37 85 3 Critical Strikes 1 | . . 1 . Damage Taken 1907 | . 539 1336 32 Core 254 | . 93 151 10 Absorbed by Shields . | . . . . Regen/Repaired (Parts) 93 | . 93 . . Core Remaining (%) 100 | 100 . . . Volleys Fired 117 | 6 64 47 . Largest 2 | 2 2 2 . Hottest 66 | 60 60 66 . Shots Fired 215 | 12 125 78 . Gun 165 | 12 125 28 . Cannon 36 | . . 36 . Launcher 14 | . . 14 . Special . | . . . . Kinetic 139 | 6 64 69 . Thermal 67 | 6 61 . . Explosive 9 | . . 9 . Electromagnetic . | . . . . Robot Hit Streak 14 | 2 14 9 . Robot Miss Streak 2 | 2 2 2 . Penetration Max . | . . . . Secondary Targets . | . . . . Shots Hit Robots 158 | 5 83 70 . Core Hits 61 | 3 27 31 . Critical Kills 1 | . . 1 . Critical Parts Destroyed . | . . . . Critical Strikes 6 | . . 6 . Blast 3 | . . 3 . Smash 3 | . . 3 . Melee Attacks 68 | . . 68 . Impact 68 | . . 68 . Slashing . | . . . . Piercing . | . . . . Sneak Attacks 2 | . . 2 . Combat Hostiles . | . . . . Follow-up Attacks . | . . . . Damage Inflicted 3070 | 52 818 2200 . Guns 1163 | 52 812 299 . Cannons 469 | . . 469 . Explosions 827 | . . 827 . Melee 605 | . . 605 . Ramming 6 | . 6 . . Kinetic 1677 | 29 338 1310 . Thermal 497 | 23 474 . . Explosive 285 | . . 285 . Electromagnetic . | . . . . Impact 605 | . . 605 . Slashing . | . . . . Piercing . | . . . . Highest Corruption . | . . . . Average Corruption . | . . . . Corruption Purged . | . . . . Corruption Blocked . | . . . . Overload Shots . | . . . . Overflow Damage 43 | . . 43 . Projectiles . | . . . . Explosions 3 | . . 3 . Melee 40 | . . 40 . Knockbacks 10 | . . 10 . Impact 5 | . . 5 . Kinetic 5 | . . 5 . Secondary . | . . . . Self-Inflicted Damage 86 | . . 86 . Shots 6 | . . 6 . Rammed 3 | . 3 . . Targets Rammed 3 | . 3 . . Kicked . | . . . . Crushed . | . . . . Highest Temperature 230 | 40 230 . . Average Temperature 54 | 18 56 . . Received Heat Transfer 765 | . 249 498 18 Siege Activations . | . . . . Martial Activations . | . . . . Shielding Activations . | . . . . Robots Disrupted . | . . . . Combat Hostiles . | . . . . Robots Corrupted 2 | . . 2 . Combat Hostiles 2 | . . 2 . Parts Fried 1 | . . 1 . Impact Corruptions 3 | . . 3 . Robots Melted . | . . . . Combat Hostiles . | . . . . Parts Melted 3 | . 2 1 . Heat Transferred 1100 | 50 1050 . . Parts Sabotaged . | . . . . Parts Stolen . | . . . . Parts Stripped . | . . . . Power Chain Reactions . | . . . . Alert | -11 -10 -10 -7 ------- Run | Yrd Mat Sub Rec Maximum Alert Level . | . . . . Low Security (%) 100 | 100 100 . 100 Level 1 . | . . . . Level 2 . | . . . . Level 3 . | . . . . Level 4 . | . . . . Level 5 . | . . . . High Security . | . . . . Max Security . | . . . . Peak Influence 63 | 10 63 . 28 Initial 28 | . . . 28 Average 9 | . 10 . 18 Influence Increases 348 | 10 243 95 . Destroy 0b10 Robot/C 200 | . 120 80 . Destroy 0b10 Robot/NC 30 | 10 20 . . Destroy Leader 36 | . 36 . . Successful Hack 52 | . 52 . . Lose Combat Pursuer 30 | . 15 15 . Influence Decreases 340 | 10 225 53 52 Entered New Map 42 | . . 10 32 Time Decay 288 | 10 225 33 20 Lost Part 10 | . . 10 . Squads Dispatched 1 | . 1 . . Investigation . | . . . . Extermination . | . . . . Reinforcement 1 | . 1 . . Assault . | . . . . Garrison . | . . . . Intercept . | . . . . Searches Triggered . | . . . . Construction Impeded . | . . . . Haulers Reinforced . | . . . . Active Scanning Responses . | . . . . Cargo Convoy Interrupts . | . . . . Stealth | -11 -10 -10 -7 --------- Run | Yrd Mat Sub Rec Distress Signals . | . . . . Communications Jammed . | . . . . Distress Signals . | . . . . Times Spotted 41 | . 20 19 2 Peak Tracking Total 5 | . 5 4 2 Tactical Retreats 2 | . 1 1 . Traps | -11 -10 -10 -7 ------- Run | Yrd Mat Sub Rec Traps Triggered 2 | . 2 . . Indirectly . | . . . . Trap Hack Attempts . | . . . . Triggered . | . . . . Disarmed . | . . . . Reprogrammed . | . . . . Reused . | . . . . Traps Extracted . | . . . . Installed . | . . . . Triggered . | . . . . Machines | -11 -10 -10 -7 ---------- Run | Yrd Mat Sub Rec Machines Disabled 3 | . . 3 . Max in Single Turn 1 | . . 1 . Machines Repaired . | . . . . Machines Dismantled . | . . . . Machines Sabotaged . | . . . . Overloaded Fab Kills . | . . . . Hacking | -11 -10 -10 -7 --------- Run | Yrd Mat Sub Rec Machines Accessed 8 | . 7 1 . Terminals 6 | . 6 . . Fabricators . | . . . . Repair Stations 1 | . 1 . . Recycling Units . | . . . . Scanalyzers . | . . . . Garrison Access . | . . . . Total Hacks 27 | . 26 1 . Successful 16 | . 15 1 . Failed 11 | . 11 . . Catastrophic . | . . . . Database Lockouts . | . . . . Manual 14 | . 14 . . Terminals 21 | . 21 . . Fabricators . | . . . . Repair Stations 5 | . 5 . . Recycling Units . | . . . . Scanalyzers . | . . . . Garrison Access . | . . . . Terminal Hacks 7 | . 6 1 . Robot Analysis 1 | . 1 . . Prototype ID Bank 1 | . 1 . . Terminal Index 1 | . 1 . . Locate Traps 3 | . 3 . . Proto ID Catalog 1 | . . 1 . Fabricator Hacks . | . . . . Repair Station Hacks 4 | . 4 . . Scan Component 2 | . 2 . . Repair 2 | . 2 . . Recycling Unit Hacks . | . . . . Scanalyzer . | . . . . Garrison Access Hacks . | . . . . Unauthorized Hacks 5 | . 5 . . Terminals 5 | . 5 . . Skim 5 | . 5 . . Fabricators . | . . . . Repair Stations . | . . . . Recycling Units . | . . . . Scanalyzers . | . . . . Garrison Access . | . . . . Data Cores Recovered . | . . . . Used . | . . . . Hacking Detections 7 | . 7 . . Full Trace Events . | . . . . Feedback Events . | . . . . Feedback Blocked . | . . . . Robot Schematics Acquired . | . . . . Robots Built . | . . . . Authchips . | . . . . Time . | . . . . Total Robot Build Rating . | . . . . Part Schematics Acquired . | . . . . Parts Built . | . . . . Authchips . | . . . . Time . | . . . . Total Part Build Rating . | . . . . Parts Repaired 2 | . 2 . . Time 64 | . 64 . . Parts Recycled . | . . . . Recycled Matter . | . . . . Retrieved Matter . | . . . . Retrieved Components . | . . . . Parts Scanalyzed . | . . . . Part Schematics Acquired . | . . . . Parts Damaged . | . . . . Bothacking | -11 -10 -10 -7 ------------ Run | Yrd Mat Sub Rec Used RIF Installer . | . . . . Robots Hacked . | . . . . Non-combat . | . . . . Combat . | . . . . Robot Hacks Applied . | . . . . Relay Couplers Released . | . . . . Fabnet Peak Effective % . | . . . . Robots Rewired . | . . . . Allies Hacked . | . . . . Hacks Repelled . | . . . . Allies | -11 -10 -10 -7 -------- Run | Yrd Mat Sub Rec Total Allies . | . . . . Largest Group . | . . . . Highest-Rated Group . | . . . . Highest-Rated Ally . | . . . . Total Orders . | . . . . Ally Attacks . | . . . . Total Damage . | . . . . Kills . | . . . . Allies Corrupted . | . . . . Allies Melted . | . . . . Intel | -11 -10 -10 -7 ------- Run | Yrd Mat Sub Rec Active Infowar (turns) 2144 | 35 1185 924 . Seismic 2144 | 35 1185 924 . Robot Analysis Total 1 | . 1 . . Derelict Logs Recovered 1 | . . 1 . Drone Launches . | . . . . Drone Recoveries . | . . . . Exploration | -11 -10 -10 -7 ------------- Run | Yrd Mat Sub Rec Turns Passed 4212 | 116 1185 2857 54 Spaces Moved 2134 | 52 567 1492 23 Core 33 | 33 . . . Treads 2072 | 19 538 1492 23 Legs . | . . . . Wheels 29 | . 29 . . Hover . | . . . . Flight . | . . . . Fastest Speed 50 | 50 95 160 240 Average Speed 161 | 159 156 161 240 Slowest Speed 250 | 250 160 240 240 Overloaded Moves . | . . . . Propulsion Burnouts . | . . . . Robots Hopped . | . . . . Potential Cave-ins . | . . . . Cave-ins Triggered . | . . . . Exploration Rate (%) 46 | 3 89 85 10 Regions Visited 3 Branch Regions 2 Pre-discovered Areas 3 | . 2 1 . Known Exits Taken . | . . . . Unknown Exits Taken 3 | 1 1 1 . Scrap Searched 5 | . . 5 . Spaces Dug 5 | . . 5 . Terrain Destroyed 97 | . . 97 . Melee 5 | . . 5 . Projectile 1 | . . 1 . AOE 91 | . . 91 . Terrain Rammed . | . . . . Walls Destroyed . | . . . . Machines Disabled . | . . . . Actions | -11 -10 -10 -7 --------- Run | Yrd Mat Sub Rec Total 2582 | 72 753 1734 23 Wait 155 | . 89 66 . Move 2131 | 51 566 1491 23 Hop . | . . . . Pick Up 34 | 8 15 11 . Fast Attach 8 | 5 3 . . Attach 8 | 2 . 6 . Detach . | . . . . Swap 37 | . 4 33 . Drop 21 | . 9 12 . Fire 117 | 6 64 47 . Melee 68 | . . 68 . Ram . | . . . . Kick . | . . . . Crush 3 | . 3 . . Escape Stasis . | . . . . Rewire . | . . . . Trap . | . . . . Miscellaneous . | . . . . Route ------- -11/Scrapyard -10/Materials (discovered 5 exits: [*Mat x3] / [*Min] / *Sub) -10/Subcaves (discovered 2 exits: [*Mat] / [*Rec]) -7/Recycling History --------- Turn | Location | Event 21 | -11/Scrapyard | Discovered new exit (range 15) 117 | -11/Scrapyard | Entered Materials 321 | -10/Materials | Build established: Mutant 412 | -10/Materials | Discovered new exit (range 10) 430 | -10/Materials | Discovered new exit (range 15) 707 | -10/Materials | Discovered new exit (range 7) 899 | -10/Materials | Repaired Lgt. Treads 909 | -10/Materials | Learned location of Storage (-7) 939 | -10/Materials | Repaired Lgt. Nuclear Core 974 | -10/Materials | Discovered new exit (range 14) 983 | -10/Materials | Discovered new exit (range 7) 1018 | -10/Materials | Learned Storage stockpile data 1136 | -10/Materials | Learned Storage emergency access door positions 1190 | -10/Materials | Learned location of Mines (-10) 1302 | -10/Materials | Entered Subcaves 1303 | -10/Subcaves | Approached by a straggling Scientist 1501 | -10/Subcaves | Shifting Twisted Machinery released Battle Cannon 1516 | -10/Subcaves | Shifting Twisted Machinery released Battle Rifle 1549 | -10/Subcaves | Discovered new exit (range 7) 2145 | -10/Subcaves | Shifting Twisted Machinery released Sub. Optics 2176 | -10/Subcaves | Shifting Twisted Machinery released Piercing Trap 2265 | -10/Subcaves | A swath of the cavern ceiling suddenly collapsed 2341 | -10/Subcaves | Disturbed a concealed Subdweller 2347 | -10/Subcaves | Core integrity fell below 50% 2680 | -10/Subcaves | Learned Materials trap positions 2745 | -10/Subcaves | Learned location of Zion (-6) 2745 | -10/Subcaves | Met a Zionite searching for "candidates" 3364 | -10/Subcaves | A swath of the cavern ceiling suddenly collapsed 3418 | -10/Subcaves | Visited 4L-MR0's lab 3438 | -10/Subcaves | Found Cargo Legs 4071 | -10/Subcaves | Discovered new exit (range 12) 4076 | -10/Subcaves | Core integrity fell below 20% 4159 | -10/Subcaves | Entered Recycling 4213 | -7/Recycling | Destroyed by Y-54 Guardian with Gatling Laser Last Messages --------------- 03752_ Sneak attack on VC-0IU(u). 03828_ VC-0IU(u) deconstructs Twisted Machinery. 03881_ 9H-UB8(R) destroyed. 03884_ Acquired 28 matter. 04071_ EXIT=FOUND 04074_ Acquired 10 matter. 04075_ S-10 Pest destroyed. 04076_ Acquired 10 matter. 04077_ Machine disabled. 04078_ Acquired 10 matter. 04082_ Acquired 2 matter. 04083_ Spk. Treads destroyed. 04089_ Autobeam Turret destroyed. 04091_ Destroyed Autobeam. 04101_ Acquired 54 matter. 04108_ Acquired 9 matter. 04151_ The unstable cave ceiling collapses. LOCATION=UNKNOWN GOAL=ESCAPE 04213_ Y-54 Guardian springs to life. Map ----- +----------------------------------------------------+ | | | | | | | | | ?????????????????????????????????????????????????? | | ?????????????????????????????????????????????????? | | ?????????????????????????????????????????????????? | | ?????????????????????????????????????????????????? | | ?????????????????????????????????????????????????? | | ?????????????????????????????????????????????????? | | ?????????????????????????????????????????????????? | | ?????????????????????????????????????????????????? | | ?????????????????????????????????????????????????? | | ?????????????????????????????????????????????????? | | ?????????????????????????????????????????????????? | | ?????????????????????????????????????????????????? | | ?????#############???????????????????????????????? | | ?????# #???????????????????????????????? | | ?????# #???????????????????????????????? | | ?????# #???????????????????????????????? | | ?????# #???????????????????????????????? | | ?????# #???????????????????????????????? | | ??????? ?????????????????????????????????? | | ????????? ????????????##?????????????????????? | | ?????######+##+###########Y######Y#??????????????? | | ?????# @ #????????????? | | ?????# +????????????? | | ?????# #????????????? | | ?????#########+################+### #????????????? | | ????????# #???????????????????????????? | | ????????# #???????????????????????????? | | ????????# #???????????????????????????? | | ????????# #???????????????????????????? | | ????????# #???????????????????????????? | | ????????# #???????????????????????????? | | ????????# #???????????????????????????? | | ????????# #???????????????????????????? | | ????????# ???????????????????????????? | | ????????# ##??????????????????????????? | | ????????# #???????????????????????????? | | ????????# #???????????????????????????? | | ????????##############???????????????????????????? | | ?????????????????????????????????????????????????? | | ?????????????????????????????????????????????????? | | ?????????????????????????????????????????????????? | | ?????????????????????????????????????????????????? | | ?????????????????????????????????????????????????? | | ?????????????????????????????????????????????????? | | ?????????????????????????????????????????????????? | | ?????????????????????????????????????????????????? | +----------------------------------------------------+ Best States ------------- Heat Dissipation 39 Energy Generation 14 Energy Capacity 250 Matter Stores 300 Matter Capacity 300 Sight Range 16 Terrain Scan Density 10 Armor Coverage 150 Evasion (%) 41 Recoil Reduction 2 Item Schematics ----------------- None Robot Schematics ------------------ None Fabricated ------------ Nothing Repaired ---------- Lgt. Treads | 45% | -10/Materials Lgt. Nuclear Core | 68% | -10/Materials Alien Tech Used ----------------- None Achievements -------------- None Challenges ------------ None Game ------ Seed PhasingCooledShield Manual? 0 Play Time 00:20:02 Cumulative 360.5 hours Start 2025.06.08 @ 17:11:41 End 2025.06.08 @ 17:40:05 Sessions 1 Manual Loads 0 Difficulty Rogue Special Mode None Game No. 227 Rogue 227 Adventurer 0 Explorer 0 Win Type - Total 8 Types 8/0/0/0/0/0/0/0/0/0 Lore% 76 Gallery% 74 Achievement% 67 Wizard Run 0 Options --------- Layout 0 ASCII 0 Keyboard 1 Movement Numpad Keybinds 0 Fullscreen 2 Font 18/SmallcapsGlow Map View 76x50 Zoom Use 0% Tactical HUD 1 Map Filters NONE Filters NONE Steam 1 RUN: 81e5b4bd-88af-413a-9235-083712f79c1f